Map: Dusk Towers

Players

WildCatBrown - Winner!

  • Race: Protoss Protoss
  • League: Bronze

VictorHup

  • Race: Terran Terran
  • League: Silver

VOD

Have the link to the VOD?

Description

Time

  • Played on: Dec. 20, 2015, 10:37 a.m.
  • Length: 11:56
Show
View Real Time Build Order
Export as new Build Order

WildCatBrown Protoss - Winner!

Build Orders: 1 Gate Expand 

Get SALT Encoding   

  12  0:01  Probe (Chrono Boost)  
  13  0:12  Probe (Chrono Boost)  
  14  0:22  Probe (Chrono Boost), Pylon  
  15  0:36  Assimilator  
  15  0:40  Probe (Chrono Boost)  
  16  0:51  Probe (Chrono Boost)  
  16  0:53  Gateway  
  17  1:02  Probe (Chrono Boost)  
  18  1:12  Probe (Chrono Boost)  
  19  1:26  Nexus  
  19  1:30  Pylon  
  19  1:31  Probe (Chrono Boost)  
  20  1:42  Probe (Chrono Boost)  
  21  1:53  Cybernetics Core, Probe (Chrono Boost)  
  22  1:56  Zealot  
  24  2:03  Probe (Chrono Boost)  
  25  2:14  Probe (Chrono Boost)  
  26  2:24  Gateway, Probe (Chrono Boost)  
  27  2:35  Probe (Chrono Boost)  
  28  2:37  Assimilator  
  28  2:38  Warp Gate  
  28  2:41  Stalker  
  30  2:54  Mothership Core (Chrono Boost)  
  32  3:02  Probe (Chrono Boost)  
  32  3:04  Pylon  
  33  3:12  Probe (Chrono Boost)  
  34  3:13  Probe (Chrono Boost)  
  35  3:20  Stalker  
  35  3:23  Probe (Chrono Boost)  
  35  3:24  Probe (Chrono Boost)  
  35  3:32  Zealot  
  35  3:33  Probe (Chrono Boost)  
  31  3:50  Zealot  
  30  4:05  Zealot  
  15  4:33  Probe (Chrono Boost)  
  15  4:34  Probe (Chrono Boost)  
  15  4:37  Stalker x2  
  21  4:43  Probe (Chrono Boost)  
  21  4:44  Probe (Chrono Boost)  
  23  4:53  Gateway  
  23  4:54  Probe (Chrono Boost)  
  23  4:55  Probe (Chrono Boost)  
  25  5:04  Probe (Chrono Boost)  
  24  5:17  Probe (Chrono Boost)  
  24  5:19  Probe (Chrono Boost)  
  26  5:27  Stalker x2, Probe (Chrono Boost)  
  31  5:34  Probe (Chrono Boost)  
  32  5:38  Probe (Chrono Boost)  
  33  6:01  Stalker x2  
  37  6:05  Gateway  
  37  6:06  Probe (Chrono Boost)  
  37  6:08  Probe (Chrono Boost)  
  39  6:17  Stalker  
  41  6:19  Probe (Chrono Boost)  
  41  6:22  Probe (Chrono Boost)  
  43  6:30  Probe (Chrono Boost)  
  45  6:33  Probe (Chrono Boost)  
  45  6:38  Stalker  
  47  6:41  Probe (Chrono Boost)  
  47  6:43  Probe (Chrono Boost)  
  49  6:52  Probe (Chrono Boost)  
  49  6:54  Probe (Chrono Boost)  
  51  6:55  Pylon  
  51  7:01  Stalker  
  53  7:13  Twilight Council  
  53  7:43  Stalker x2  
  57  7:51  Robotics Facility  
  57  7:54  Dark Shrine  
  57  7:56  Assimilator  
  58  7:58  Probe (Chrono Boost)  
  58  8:00  Assimilator  
  58  8:04  Probe (Chrono Boost)  
  59  8:09  Probe (Chrono Boost)  
  60  8:14  Forge  
  60  8:15  Probe (Chrono Boost)  
  60  8:16  Gateway  
  60  8:19  Probe (Chrono Boost)  
  62  8:39  Pylon  
  62  8:42  Pylon  
  62  8:49  Pylon  
  62  8:51  Protoss Ground Weapons Level 1 (Chrono Boost)  
  62  8:53  Blink  
  62  8:55  Warp Prism (Chrono Boost)  
  62  8:56  Probe  
  65  9:13  Probe  
  66  9:24  Dark Templar  
  66  9:25  Dark Templar x2, Probe  
  73  9:37  Probe  
  74  9:50  Probe  
  74  9:52  Gateway  
  75  9:54  Gateway  
  75  10:02  Probe  
  75  10:14  Probe  
  70  10:26  Probe  
  69  10:45  Dark Templar x3  
  69  10:46  Dark Templar x2  
  79  11:25  Dark Templar x2  
  79  11:26  Dark Templar  
Show
View Real Time Build Order
Export as new Build Order

VictorHup Terran 

Build Orders: MMM Bio 

Get SALT Encoding   

  12  0:01  SCV  
  13  0:14  SCV  
  14  0:23  Supply Depot  
  14  0:33  SCV  
  15  1:18  Barracks  
  15  1:19  Barracks x2  
  15  1:21  Barracks  
  15  1:30  Supply Depot  
  15  1:42  Supply Depot  
  15  1:54  Supply Depot  
  15  2:07  Marine x2  
  15  2:08  Marine  
  18  2:09  Marine  
  19  2:25  Marine  
  19  2:26  Marine  
  19  2:27  Marine  
  22  2:30  Marine  
  23  2:39  SCV  
  23  2:44  Marine  
  24  2:45  Marine  
  24  2:48  Marine  
  27  3:06  Marine x3  
  27  3:07  Marine  
  23  4:15  Marine x4  
  16  4:33  Marine x4  
  20  4:43  SCV  
  20  4:44  Refinery  
  21  4:48  Refinery  
  21  4:50  Marine  
  21  4:51  Marine x3  
  25  4:55  SCV  
  25  5:07  SCV  
  25  5:08  Marine x2  
  25  5:09  Marine x2  
  27  5:26  Marine x2  
  29  5:30  Marine  
  29  5:31  Marine  
  31  5:44  Marine x2  
  34  6:00  Barracks Tech Lab  
  34  6:02  Marine x2  
  34  6:03  Bunker  
  34  6:04  Barracks Tech Lab  
  34  6:17  SCV  
  35  6:25  Supply Depot  
  35  6:29  SCV  
  35  6:31  Factory  
  36  6:38  Marauder  
  38  6:41  Marauder  
  40  6:54  Bunker  
  40  6:57  Stimpack  
  40  7:40  Bunker  
  40  7:43  Marauder  
  42  7:48  Marauder  
  44  7:56  Engineering Bay  
  44  8:04  SCV  
  45  8:16  SCV  
  46  8:22  Starport  
  46  8:29  Factory Tech Lab  
  46  8:36  Terran Infantry Weapons Level 1  
  46  8:44  SCV  
  47  8:52  Liberator  
  47  8:55  Supply Depot  
  50  9:18  Combat Shields  
  50  9:22  Marauder  
  52  9:32  SCV  
  53  9:47  Marauder  
  53  9:49  Marauder  
  57  10:31  Liberator  
  57  10:43  Marauder  
  62  11:00  Supply Depot  
  54  11:04  Marauder  
  47  11:23  Supply Depot  
Tags
 
Add a new tag
Caveats
  • Supply blocks, unpowered buildings, or Contaminate may cause inaccurate times.
  • Supply counts are checked every 10 seconds.